PA
ATHLETIC CLUB KC U-21 @ PHOENIX HOTSPUR U-21
08/07/2022
 
TOP OF THE 1ST
Athletic Club KC U-21 batting - Pitching for Phoenix Hotspur U-21 : RHP George Kuhn
Pitching: RHP George Kuhn
Batting: RHB Aurelio Álvarez 0-0: Ball
1-0: Foul Ball, location: 2F
1-1: Foul Ball, location: 2F
1-2: Strikes out looking
Batting: SHB Brent Adams 0-0: Foul Ball, location: 2F
0-1: Ball
1-1: DOUBLE (Flyball, 89XD)
Batting: SHB Fernando Luna 0-0: Foul Ball, location: 2F
0-1: Swinging Strike
0-2: Ball
1-2: Strikes out swinging
Batting: RHB Geoff Rivers 0-0: Called Strike
0-1: SINGLE (Groundball, 56D)
Brent Adams to third
Runner from 3rd tries for Home, SAFE, no throw or cutoff
Batting: LHB Domingo Gutiérrez 0-0: Ball
1-0: Called Strike
1-1: Ball
2-1: Ground out 1-3 (Groundball, 15)
Top of the 1st over - 1 run(s), 2 hit(s), 0 error(s), 1 left on base; Athletic Club KC 1 - Phoenix 0
BOTTOM OF THE 1ST
Phoenix Hotspur U-21 batting - Pitching for Athletic Club KC U-21 : RHP Haden Pittman
Pitching: RHP Haden Pittman
Batting: RHB Wilson Castillo 0-0: Ball
1-0: Ball
2-0: Called Strike
2-1: Fly out, F5 (Popup, 5)
Batting: RHB Shohei Kiyomizu 0-0: Ball
1-0: Called Strike
1-1: Foul Ball, location: 2F
1-2: Ball
2-2: Ball
3-2: Foul Ball, location: 2F
3-2: Fly out, F9 (Line Drive, 89M)
Batting: LHB Shojiro Ueda 0-0: Ball
1-0: Foul Ball, location: 2F
1-1: Swinging Strike
1-2: SINGLE (Line Drive, 56D)
Batting: RHB Alex Niemann 0-0: Ball
1-0: Fly out, F8 (Flyball, 8LM)
Bottom of the 1st over - 0 run(s), 1 hit(s), 0 error(s), 1 left on base; Athletic Club KC 1 - Phoenix 0
TOP OF THE 2ND
Athletic Club KC U-21 batting - Pitching for Phoenix Hotspur U-21 : RHP George Kuhn
Batting: RHB José Flores 0-0: Called Strike
0-1: DOUBLE (Flyball, 78D)
Batting: LHB Naohiro Sakai 0-0: Ball
1-0: Ground out 4-3 (Groundball, 4M)
José Flores to third
Batting: RHB Iván Chacón 0-0: Called Strike
0-1: Foul Ball, location: 2F
0-2: Ball
1-2: Strikes out swinging
Batting: RHB Diego Bonilla 0-0: Ball
1-0: Fly out, F8 (Line Drive, 8LM)
Top of the 2nd over - 0 run(s), 1 hit(s), 0 error(s), 1 left on base; Athletic Club KC 1 - Phoenix 0
BOTTOM OF THE 2ND
Phoenix Hotspur U-21 batting - Pitching for Athletic Club KC U-21 : RHP Haden Pittman
Batting: LHB Rafael Sánchez 0-0: Foul Ball, location: 2F
0-1: Ball
1-1: Ball
2-1: Ball
3-1: Ground out 4-3 (Groundball, 4M)
Batting: LHB Luis Díaz 0-0: Ball
1-0: Swinging Strike
1-1: Ball
2-1: Ground out 1-3 (Groundball, 15S)
Batting: RHB Pepe Reyes 0-0: Fly out, F7 (Flyball, 78S)
Bottom of the 2nd over - 0 run(s), 0 hit(s), 0 error(s), 0 left on base; Athletic Club KC 1 - Phoenix 0
TOP OF THE 3RD
Athletic Club KC U-21 batting - Pitching for Phoenix Hotspur U-21 : RHP George Kuhn
Batting: RHB Aurelio Álvarez 0-0: Ball
1-0: Ball
2-0: Called Strike
2-1: Ground out 6-3 (Groundball, 6)
Batting: SHB Brent Adams 0-0: Ball
1-0: Ball
2-0: Called Strike
2-1: Swinging Strike
2-2: SINGLE (Flyball, 78S)
Batting: SHB Fernando Luna 0-0: Ball
1-0: Grounds into double play, 4-6-3 (Groundball, 4)
Top of the 3rd over - 0 run(s), 1 hit(s), 0 error(s), 0 left on base; Athletic Club KC 1 - Phoenix 0
BOTTOM OF THE 3RD
Phoenix Hotspur U-21 batting - Pitching for Athletic Club KC U-21 : RHP Haden Pittman
Batting: RHB Edolf Middehof 0-0: Called Strike
0-1: Foul Ball, location: 2F
0-2: Strikes out swinging
Batting: RHB Carl Tucker 0-0: Called Strike
0-1: Ball
1-1: Ball
2-1: Ball
3-1: Base on Balls
Batting: RHB Wilson Castillo 0-0: Swinging Strike
0-1: Fly out, F9 (Flyball, 9M)
Batting: RHB Shohei Kiyomizu 0-0: Fielders Choice at 2nd, U6 (Groundball, 6M)
Bottom of the 3rd over - 0 run(s), 0 hit(s), 0 error(s), 1 left on base; Athletic Club KC 1 - Phoenix 0
TOP OF THE 4TH
Athletic Club KC U-21 batting - Pitching for Phoenix Hotspur U-21 : RHP George Kuhn
Batting: RHB Geoff Rivers 0-0: Foul Ball, location: 2F
0-1: Ball
1-1: Ball
2-1: Ball
3-1: SINGLE (Line Drive, 8LS)
Batting: LHB Domingo Gutiérrez 0-0: DOUBLE (Line Drive, 9M)
Geoff Rivers to third
Batting: RHB José Flores 0-0: Ball
1-0: Swinging Strike
1-1: Called Strike
1-2: Ball
2-2: Fly out, F8 (Flyball, 8RM)
Runner from 3rd tags up, SCORES, no throw
Batting: LHB Naohiro Sakai 0-0: Called Strike
0-1: Ball
1-1: Ball
2-1: Ball
3-1: Called Strike
3-2: Base on Balls
Batting: RHB Iván Chacón 0-0: Called Strike
0-1: Ball
1-1: Swinging Strike
1-2: Ball
2-2: Strikes out swinging
Batting: RHB Diego Bonilla 0-0: Ground out 5-3 (Groundball, 56S)
Top of the 4th over - 1 run(s), 2 hit(s), 0 error(s), 2 left on base; Athletic Club KC 2 - Phoenix 0
BOTTOM OF THE 4TH
Phoenix Hotspur U-21 batting - Pitching for Athletic Club KC U-21 : RHP Haden Pittman
Batting: LHB Shojiro Ueda 0-0: Called Strike
0-1: Foul Ball, location: 2F
0-2: Strikes out looking
Batting: RHB Alex Niemann 0-0: Ball
1-0: TRIPLE (Groundball, 5L)
Batting: LHB Rafael Sánchez 0-0: Called Strike
0-1: Swinging Strike
0-2: Foul Ball, location: 2F
0-2: Foul Ball, location: 2F
0-2: Strikes out swinging
Batting: LHB Luis Díaz 0-0: Called Strike
0-1: Ball
1-1: SINGLE (Groundball, 2R) (infield hit)
Alex Niemann scores
Batting: RHB Pepe Reyes 0-0: Fly out, F9 (Flyball, 89S)
Bottom of the 4th over - 1 run(s), 2 hit(s), 0 error(s), 1 left on base; Athletic Club KC 2 - Phoenix 1
TOP OF THE 5TH
Athletic Club KC U-21 batting - Pitching for Phoenix Hotspur U-21 : RHP George Kuhn
Batting: RHB Aurelio Álvarez 0-0: Called Strike
0-1: Ball
1-1: Foul Ball, location: 2F
1-2: Foul Ball, location: 2F
1-2: Reached on error, E4 (Groundball, 4)
Batting: SHB Brent Adams 0-0: Sac Bunt - play at first, batter OUT! 1-4
Aurelio Álvarez to second
Batting: SHB Fernando Luna 0-0: Ground out 4-3 (Groundball, 4)
Aurelio Álvarez to third
Batting: RHB Geoff Rivers 0-0: Ground out 5-3 (Groundball, 56)
Top of the 5th over - 0 run(s), 0 hit(s), 1 error(s), 1 left on base; Athletic Club KC 2 - Phoenix 1
BOTTOM OF THE 5TH
Phoenix Hotspur U-21 batting - Pitching for Athletic Club KC U-21 : RHP Haden Pittman
Batting: RHB Edolf Middehof 0-0: Ball
1-0: Foul Ball, location: 2F
1-1: Fly out, F9 (Flyball, 89M)
Batting: RHB Carl Tucker 0-0: Ball
1-0: SINGLE (Line Drive, 6D)
Batting: RHB Wilson Castillo 0-0: Ball
1-0: Foul Ball, location: 2F
1-1: Ball
2-1: Foul Ball, location: 2F
2-2: Foul Ball, location: 2F
2-2: Ball
3-2: Strikes out looking
Batting: RHB Shohei Kiyomizu 0-0: Ball
1-0: Called Strike
1-1: Foul Ball, location: 2F
1-2: Foul Ball, location: 2F
1-2: Ground out 5-3 (Groundball, 5S)
Bottom of the 5th over - 0 run(s), 1 hit(s), 0 error(s), 1 left on base; Athletic Club KC 2 - Phoenix 1
TOP OF THE 6TH
Athletic Club KC U-21 batting - Pitching for Phoenix Hotspur U-21 : RHP George Kuhn
Batting: LHB Domingo Gutiérrez 0-0: Ball
1-0: Ball
2-0: Ball
3-0: Base on Balls
Batting: RHB José Flores 0-0: Bunt missed!
0-1: Ball
1-1: Ball
2-1: Ground out 5-3 (Groundball, 56S)
Domingo Gutiérrez to second
Batting: LHB Naohiro Sakai 0-0: Ball
1-0: Called Strike
1-1: Ball
2-1: Ball
3-1: Called Strike
3-2: Base on Balls
Batting: RHB Iván Chacón 0-0: Fly out, F5 (Popup, 5SF)
Batting: RHB Diego Bonilla 0-0: Called Strike
0-1: Foul Ball, location: 2F
0-2: Strikes out swinging
Top of the 6th over - 0 run(s), 0 hit(s), 0 error(s), 2 left on base; Athletic Club KC 2 - Phoenix 1
BOTTOM OF THE 6TH
Phoenix Hotspur U-21 batting - Pitching for Athletic Club KC U-21 : RHP Haden Pittman
Batting: LHB Shojiro Ueda 0-0: Foul Ball, location: 2F
0-1: Called Strike
0-2: Strikes out swinging
Batting: RHB Alex Niemann 0-0: Foul Ball, location: 2F
0-1: Ball
1-1: Ground out 1-3 (Groundball, 15S)
Batting: LHB Rafael Sánchez 0-0: Called Strike
0-1: Fly out, F5 (Popup, 2R)
Bottom of the 6th over - 0 run(s), 0 hit(s), 0 error(s), 0 left on base; Athletic Club KC 2 - Phoenix 1
TOP OF THE 7TH
Athletic Club KC U-21 batting - Pitching for Phoenix Hotspur U-21 : RHP George Kuhn
Batting: RHB Aurelio Álvarez 0-0: Fly out, F7 (Flyball, 7LD)
Batting: SHB Brent Adams 0-0: DOUBLE (Line Drive, 8LXD)
Batting: SHB Fernando Luna 0-0: Intentional Walk
Pinch Hitting: LHB Michael Landry 0-0: Called Strike
0-1: Called Strike
0-2: Ball
1-2: Ground out 3-1 (Groundball, 34)
Brent Adams to third
Fernando Luna to second
Batting: LHB Domingo Gutiérrez 0-0: Swinging Strike
0-1: Ball
1-1: Ball
2-1: Foul Ball, location: 2F
2-2: Ball
3-2: Base on Balls
Pinch Hitting: RHB Maurice Quinn 0-0: Ball
1-0: Ball
2-0: Ball
3-0: Called Strike
3-1: Base on Balls
Brent Adams scores
Fernando Luna to third
Domingo Gutiérrez to second
Pitching: LHP Iván Vélez
Batting: LHB Naohiro Sakai 0-0: Ground out U3 (Groundball, 3)
Top of the 7th over - 1 run(s), 1 hit(s), 0 error(s), 3 left on base; Athletic Club KC 3 - Phoenix 1
BOTTOM OF THE 7TH
Phoenix Hotspur U-21 batting - Pitching for Athletic Club KC U-21 : RHP Haden Pittman
Now at 1B: Maurice Quinn
Now in RF: Michael Landry
Batting: LHB Luis Díaz 0-0: Foul Ball, location: 2F
0-1: SINGLE (Groundball, 2R) (infield hit)
Batting: RHB Pepe Reyes 0-0: Called Strike
Luis Díaz steals 2nd base
0-1: Ball
1-1: Ball
2-1: Foul Ball, location: 2F
2-2: Strikes out swinging
Batting: RHB Edolf Middehof 0-0: Ball
1-0: SINGLE (Flyball, 9S)
Luis Díaz to third
Runner from 3rd tries for Home, throw and OUT!
Batting: RHB Carl Tucker 0-0: Ball
1-0: Called Strike
1-1: Foul Ball, location: 2F
1-2: Strikes out looking
Bottom of the 7th over - 0 run(s), 2 hit(s), 0 error(s), 1 left on base; Athletic Club KC 3 - Phoenix 1
TOP OF THE 8TH
Athletic Club KC U-21 batting - Pitching for Phoenix Hotspur U-21 : LHP Iván Vélez
Batting: RHB Iván Chacón 0-0: Called Strike
0-1: Ball
1-1: Ball
2-1: Called Strike
2-2: Foul Ball, location: 2F
2-2: Ball
3-2: Strikes out swinging
Batting: RHB Diego Bonilla 0-0: Ball
1-0: Ball
2-0: Called Strike
2-1: Called Strike
2-2: Fly out, F9 (Flyball, 9M)
Batting: RHB Aurelio Álvarez 0-0: Called Strike
0-1: Fly out, F7 (Flyball, 7M)
Top of the 8th over - 0 run(s), 0 hit(s), 0 error(s), 0 left on base; Athletic Club KC 3 - Phoenix 1
BOTTOM OF THE 8TH
Phoenix Hotspur U-21 batting - Pitching for Athletic Club KC U-21 : RHP Haden Pittman
Batting: RHB Wilson Castillo 0-0: Ball
1-0: Ball
2-0: Called Strike
2-1: Foul Ball, location: 2F
2-2: Ball
3-2: SINGLE (Flyball, 6MD)
Batting: RHB Shohei Kiyomizu 0-0: Ball
1-0: Called Strike
1-1: Ball
2-1: Swinging Strike
2-2: Strikes out looking
Pitching: RHP Carlos Acosta
Batting: LHB Shojiro Ueda 0-0: Ball
Wild Pitch!
Wilson Castillo to second
1-0: Ball
2-0: Called Strike
2-1: Foul Ball, location: 2F
2-2: Strikes out swinging
Batting: RHB Alex Niemann 0-0: Ball
1-0: Ground out 6-3 (Groundball, 6)
Bottom of the 8th over - 0 run(s), 1 hit(s), 0 error(s), 1 left on base; Athletic Club KC 3 - Phoenix 1
TOP OF THE 9TH
Athletic Club KC U-21 batting - Pitching for Phoenix Hotspur U-21 : LHP Iván Vélez
Batting: SHB Brent Adams 0-0: Fly out, F8 (Flyball, 8LM)
Batting: SHB Fernando Luna 0-0: Ball
1-0: Called Strike
1-1: Ball
2-1: Called Strike
2-2: Strikes out swinging
Batting: LHB Michael Landry 0-0: Called Strike
0-1: Ball
1-1: Called Strike
1-2: Ground out 3-1 (Groundball, 34)
Top of the 9th over - 0 run(s), 0 hit(s), 0 error(s), 0 left on base; Athletic Club KC 3 - Phoenix 1
BOTTOM OF THE 9TH
Phoenix Hotspur U-21 batting - Pitching for Athletic Club KC U-21 : RHP Carlos Acosta
Pitching: RHP Roland Allen
Batting: LHB Rafael Sánchez 0-0: Ball
1-0: Foul Ball, location: 2F
1-1: Swinging Strike
1-2: Strikes out looking
Batting: LHB Luis Díaz 0-0: Swinging Strike
0-1: Ball
1-1: Foul Ball, location: 2F
1-2: Foul Ball, location: 2F
1-2: Ball
2-2: Ball
3-2: Strikes out swinging
Batting: RHB Pepe Reyes 0-0: Foul Ball, location: 2F
0-1: Ball
1-1: Ball
2-1: SINGLE (Line Drive, 9LS)
Pinch Hitting: LHB Tim Waters 0-0: Foul Ball, location: 2F
0-1: Foul Ball, location: 2F
0-2: Ball
1-2: Ball
2-2: Strikes out looking
Bottom of the 9th over - 0 run(s), 1 hit(s), 0 error(s), 1 left on base; Athletic Club KC 3 - Phoenix 1
This league is powered by Out of the Park Baseball, the baseball management simulation game for PC, Mac and Linux
Friday, April 15th, 2016 - OOTP Baseball 16.9 Build 39